AoeStats
← White

Arena

510577918Analyzed
4v4 RM · 1d ago on Oct 1, 2026· 39m 49s· 8 players
Game mode
Random Map
Map size
Large (8 player)
Population
200
Speed
Normal
Resources
Standard
Victory
Conquest
Starting age
Dark Age
Ending age
Imperial Age
RankedLock teamsTeams togetherTeam positionsShared explorationLock speedFull tech treeHidden civsTurbo modeCheats
Victory
Defeat
🇮🇳 Saxons · India
1128
+13
🇹🇷 Danes · Türkiye
1105
+14
🇸🇪 Bohemians · Sweden
1081
+15
🇪🇸 Hindustanis · Spain
1075
+16
🇩🇪 Bohemians · Germany
1109
-16
🇩🇪 Dravidians · Germany
1086
-15
🇩🇪 Magyars · Germany
1059
-14
🇩🇪 Spanish · Germany
1027
-13
leuler
8:18 Loom
11:38 Feudal Age
15:39 Castle Age
14:12 Double-Bit Axe
14:09 Horse Collar
16:54 Bow Saw
16:47 Heavy Plow
20:57 Town Watch
21:49 Wheelbarrow
22:28 Wheelbarrow
23:56 Squires
24:15 Fletching
24:58 Man-at-Arms
27:13 Bodkin Arrow
31:17 Imperial Age
28:15 Long Swordsman
31:04 Chemistry
29:54 Pikeman
32:40 Siege Engineers
32:47 Masonry
32:33 Murder Holes
32:49 Fortified Wall
32:20 Two-Handed Swordsman
33:16 Champion
34:49 Forging
34:39 Scale Mail Armor
36:37 Iron Casting
36:36 Chain Mail Armor
36:40 Hand Cart
37:14 Halberdier
39:33 Plate Mail Armor
Dacio
0:30 Loom
11:43 Feudal Age
17:06 Castle Age
31:02 Imperial Age
28:40 Horse Collar
28:41 Light Cavalry
29:32 Scale Barding Armor
29:54 Gold Mining
29:57 Double-Bit Axe
31:17 Fletching
31:28 Padded Archer Armor
31:15 Hussar
33:07 Gold Shaft Mining
32:28 Town Watch
33:56 Parthian Tactics
33:36 Thumb Ring
34:19 Bodkin Arrow
34:39 Leather Archer Armor
34:09 Man-at-Arms
35:42 Ballistics
36:22 Chemistry
35:20 Long Swordsman
36:09 Scale Mail Armor
37:35 Chain Mail Armor
Andril
2:30 Loom
2:56 Loom
10:31 Feudal Age
14:47 Castle Age
12:35 Double-Bit Axe
12:58 Horse Collar
13:42 Stone Mining
15:51 Wheelbarrow
16:56 Bow Saw
19:10 Gold Mining
22:24 Heavy Plow
23:35 Medical Corps
23:48 Fletching
25:26 Thumb Ring
30:33 Hand Cart
33:20 Imperial Age
31:22 Elite Skirmisher
33:03 Ballistics
32:42 Bodkin Arrow
33:37 Padded Archer Armor
33:49 Forging
33:37 Murder Holes
33:53 Masonry
33:55 Fortified Wall
34:03 Squires
33:24 Pikeman
33:49 Gambesons
33:50 Arson
33:25 Man-at-Arms
34:19 Bracer
34:38 Leather Archer Armor
34:56 Conscription
35:54 Two-Man Saw
35:33 Iron Casting
34:57 Guard Tower
35:32 Halberdier
38:41 Blast Furnace
37:58 Elite Elephant Archer
39:45 Wootz Steel
Infidel Pollo
2:27 Loom
12:48 Feudal Age
14:04 Wheelbarrow
13:19 Double-Bit Axe
13:17 Horse Collar
16:16 Gold Mining
21:22 Castle Age
20:37 Stone Mining
21:02 Scale Barding Armor
21:09 Forging
21:32 Bloodlines
22:19 Hand Cart
22:18 Bow Saw
22:25 Heavy Plow
22:46 Husbandry
24:28 Stone Shaft Mining
26:32 Iron Casting
26:18 Chain Barding Armor
27:16 Fletching
27:17 Light Cavalry
33:44 Town Watch
35:08 Bodkin Arrow
35:17 Town Patrol
39:02 Imperial Age
White
11:18 Feudal Age
12:24 Loom
16:24 Castle Age
14:57 Horse Collar
18:00 Double-Bit Axe
18:09 Pikeman
18:52 Squires
21:25 Wheelbarrow
28:25 Imperial Age
27:20 Husbandry
28:13 Forging
29:34 Chemistry
28:53 Cavalier
31:30 Fletching
32:05 Ballistics
31:46 Murder Holes
34:10 Halberdier
34:54 Town Watch
38:08 Scale Barding Armor
38:03 Scale Mail Armor
38:39 Iron Casting
38:32 Bow Saw
manejc94
9:25 Feudal Age
11:07 Double-Bit Axe
18:21 Castle Age
16:26 Horse Collar
16:54 Stone Mining
17:58 Bloodlines
20:11 Forging
23:41 Heavy Plow
24:01 Bow Saw
25:42 Wheelbarrow
26:18 Husbandry
27:21 Iron Casting
27:06 Gold Mining
27:41 Hand Cart
28:18 Light Cavalry
29:06 Scale Barding Armor
29:21 Grand Trunk Road
30:20 Chain Barding Armor
33:17 Imperial Age
30:34 Loom
31:56 Gold Shaft Mining
34:26 Heavy Camel Rider
36:30 Hussar
38:12 Plate Barding Armor
38:40 Blast Furnace
メHANSメ
11:22 Feudal Age
12:14 Double-Bit Axe
12:11 Horse Collar
14:52 Castle Age
20:43 Wheelbarrow
20:40 Bow Saw
21:56 Heavy Plow
23:52 Gold Mining
23:54 Stone Mining
25:10 Hand Cart
28:55 Imperial Age
29:04 Gold Shaft Mining
29:02 Squires
28:47 Gambesons
28:53 Gambesons
29:39 Scale Mail Armor
29:50 Forging
29:02 Elite Varangian Guard
30:04 Conscription
29:07 Shield Wall
31:08 Crop Rotation
31:43 Two-Man Saw
30:49 Arson
31:30 Chain Mail Armor
31:50 Iron Casting
33:13 Plate Mail Armor
33:18 Iron Casting
33:04 Siege Engineers
33:20 Ballistics
34:01 Chemistry
32:52 Fletching
33:20 Loom
35:17 Masonry
34:50 Treadmill Crane
36:11 Clerical Recruitment
36:50 Bodkin Arrow
37:14 Fortified Wall
37:00 Murder Holes
36:57 Guard Tower
36:53 Arrowslits
38:56 Bracer
39:35 Architecture
39:12 Padded Archer Armor
39:43 Town Watch
39:48 Man-at-Arms
Crimson_Tide
10:16 Feudal Age
11:22 Double-Bit Axe
12:29 Wheelbarrow
17:18 Castle Age
15:50 Horse Collar
16:32 Loom
18:33 Hand Cart
22:00 Gold Mining
22:44 Stone Mining
24:58 Heavy Plow
25:15 Bow Saw
31:12 Imperial Age
29:37 Gold Shaft Mining
29:41 Stone Shaft Mining
29:18 Town Watch
30:20 Ballistics
30:39 Forging
30:29 Scale Mail Armor
30:30 Padded Archer Armor
30:20 Fletching
32:22 Conscription
31:25 Northmen's Fury
32:12 Squires
31:33 Pikeman
31:59 Gambesons
32:00 Arson
32:07 Elite Skirmisher
34:35 Chemistry
33:30 Murder Holes
33:46 Masonry
33:42 Siege Engineers
33:58 Chain Mail Armor
34:18 Iron Casting
33:39 Bodkin Arrow
33:59 Leather Archer Armor
33:56 Thumb Ring
33:50 Halberdier
35:41 Onager
35:45 Hamask
35:55 Elite Varangian Guard
37:46 Bracer
Connection lost

Rejoining the realm…

Still unreachable

The connection could not be restored.

Session expired

The server has moved on; the page needs a fresh start.